AoeStats
← Gusad1nh0

Black Forest

503299458Analyzed
4v4 RM · 3mo ago on Aug 31, 2026· 60m 4s· 8 players
Game mode
Random Map
Map size
Large (8 player)
Population
200
Speed
Normal
Resources
Standard
Victory
Conquest
Starting age
Dark Age
Ending age
Imperial Age
RankedLock teamsTeams togetherTeam positionsShared explorationLock speedFull tech treeHidden civsTurbo modeCheats
Victory
Defeat
🇹🇷 Bulgarians · Türkiye
1047
+9
🇹🇷 Spanish · Türkiye
927
+14
🇩🇪 Britons · Germany
899
+15
🇹🇷 Teutons · Türkiye
866
+17
vs
🇨🇱 Byzantines · Chile
893
-39
🇧🇷 Vietnamese · Brazil
890
-14
🇲🇽 Khmer · Mexico
877
-13
🇨🇱 Celts · Chile
867
-13
oxymoron
0:54 Loom
13:48 Feudal Age
16:08 Double-Bit Axe
18:51 Castle Age
18:29 Wheelbarrow
17:43 Town Watch
21:06 Fletching
21:20 Padded Archer Armor
21:43 Bow Saw
21:17 Horse Collar
22:51 Elite Skirmisher
24:37 Heavy Plow
25:43 Bodkin Arrow
26:04 Leather Archer Armor
28:50 Hand Cart
35:07 Imperial Age
34:12 Gold Mining
34:16 Stone Mining
34:35 Scale Mail Armor
34:48 Forging
36:03 Town Patrol
36:06 Bracer
36:40 Ballistics
37:06 Conscription
37:58 Chemistry
37:52 Yeomen
38:59 Two-Man Saw
37:47 Treadmill Crane
48:59 Elite Longbowman
50:13 Crossbowman
52:12 Arbalester
52:30 Pikeman
53:47 Ring Archer Armor
53:36 Chain Mail Armor
53:56 Iron Casting
53:19 Halberdier
55:51 Plate Mail Armor
56:22 Blast Furnace
55:29 Squires
Uzzman
0:45 Loom
14:02 Feudal Age
15:46 Double-Bit Axe
20:57 Castle Age
20:13 Horse Collar
24:30 Fletching
24:58 Stone Mining
26:35 Bodkin Arrow
26:52 Forging
26:39 Gold Mining
27:27 Stone Shaft Mining
29:23 Heavy Plow
32:22 Iron Casting
31:49 Padded Archer Armor
36:23 Imperial Age
34:34 Wheelbarrow
34:52 Scale Barding Armor
35:13 Ballistics
35:09 Bow Saw
36:21 Hand Cart
37:56 Conscription
37:53 Bracer
38:54 Blast Furnace
39:32 Two-Man Saw
38:25 Fishing Lines
40:32 Chemistry
39:32 Elite Conquistador
42:22 Chain Barding Armor
45:38 Plate Barding Armor
47:47 Inquisition
49:24 Gillnets
51:33 Leather Archer Armor
51:25 Husbandry
51:36 Bloodlines
55:44 Ring Archer Armor
Gusad1nh0
5:15 Loom
11:57 Feudal Age
16:02 Castle Age
14:08 Horse Collar
14:34 Double-Bit Axe
17:08 Bow Saw
17:25 Heavy Plow
24:30 Wheelbarrow
24:08 Town Watch
26:02 Gold Mining
26:03 Stone Mining
26:51 Hand Cart
33:04 Imperial Age
30:53 Scale Barding Armor
31:33 Squires
31:32 Stirrups
32:00 Chain Barding Armor
32:12 Bloodlines
32:15 Forging
32:23 Husbandry
32:02 Light Cavalry
33:19 Iron Casting
34:32 Plate Barding Armor
34:58 Blast Furnace
34:23 Conscription
33:44 Hussar
37:44 Coinage
39:01 Gambesons
39:02 Arson
42:40 Scale Mail Armor
44:22 Banking
44:11 Bagains
45:24 Capped Ram
47:51 Siege Ram
50:20 Chain Mail Armor
51:23 Crop Rotation
54:22 Fletching
55:39 Onager
56:27 Cavalier
57:28 Bodkin Arrow
57:16 Siege Onager
Mr. KEK
0:27 Loom
17:05 Feudal Age
20:49 Horse Collar
20:56 Double-Bit Axe
24:55 Wheelbarrow
27:09 Castle Age
26:35 Stone Mining
26:38 Gold Mining
26:43 Fletching
26:59 Scale Mail Armor
27:11 Forging
29:15 Gambesons
29:30 Squires
28:51 Pikeman
36:06 Man-at-Arms
37:27 Ballistics
36:48 Long Swordsman
37:44 Caravan
46:00 Heavy Plow
46:14 Bow Saw
49:09 Elite Skirmisher
54:50 Imperial Age
53:27 Hand Cart
54:14 Stone Shaft Mining
55:37 Chain Mail Armor
55:58 Iron Casting
55:31 Town Watch
55:53 Two-Handed Swordsman
57:40 Chemistry
57:17 Plate Mail Armor
56:52 Scale Barding Armor
57:50 Blast Furnace
57:50 Halberdier
58:48 Town Patrol
58:24 Onager
60:03 Champion
DALEON15
11:05 Loom
12:56 Feudal Age
14:47 Wheelbarrow
22:25 Castle Age
22:33 Wheelbarrow
21:43 Horse Collar
23:09 Stone Mining
23:58 Double-Bit Axe
25:45 Hand Cart
26:17 Gold Mining
26:56 Bow Saw
30:30 Stone Shaft Mining
34:43 Imperial Age
34:49 Imperial Age
32:59 Scale Barding Armor
33:05 Forging
35:03 Chain Barding Armor
35:19 Iron Casting
36:41 Two-Man Saw
36:43 Heavy Plow
37:49 Plate Barding Armor
38:29 Caravan
39:26 Gold Shaft Mining
39:55 Chemistry
39:06 Fortified Wall
38:38 Treadmill Crane
39:29 Conscription
40:02 Murder Holes
41:25 Logistica
42:12 Elite Cataphract
50:34 Guilds
El_Loco_95
0:29 Loom
15:19 Feudal Age
20:54 Castle Age
20:34 Fletching
25:08 Double-Bit Axe
28:47 Horse Collar
29:32 Fishing Lines
31:10 Town Watch
32:04 Wheelbarrow
34:34 Hand Cart
37:20 Imperial Age
35:32 Heavy Plow
36:26 Padded Archer Armor
36:21 Bodkin Arrow
37:27 Town Watch
37:10 Pikeman
38:02 Forging
39:09 Ballistics
40:00 Chemistry
38:56 Murder Holes
40:08 Chemistry
40:11 Squires
40:07 Treadmill Crane
42:03 Elite Skirmisher
43:57 Bracer
44:15 Leather Archer Armor
46:53 Ring Archer Armor
flying ñonga
1:16 Loom
11:09 Feudal Age
16:19 Castle Age
14:31 Double-Bit Axe
23:40 Wheelbarrow
23:57 Town Watch
24:33 Horse Collar
25:20 Fervor
25:44 Bow Saw
29:14 Imperial Age
27:12 Heavy Plow
28:02 Hand Cart
29:20 Heavy Scorpion
30:46 Forging
30:41 Scale Barding Armor
31:01 Ballistics
31:42 Chemistry
30:30 Capped Ram
30:47 Light Cavalry
31:38 Bloodlines
31:30 Husbandry
32:07 Iron Casting
32:16 Conscription
33:07 Chain Barding Armor
33:04 Capped Ram
35:17 Blast Furnace
34:15 Hussar
35:30 Town Patrol
38:19 Plate Barding Armor
37:35 Fletching
40:56 Double Crossbow
41:42 Gold Mining
41:42 Stone Mining
42:24 Bodkin Arrow
42:38 Siege Engineers
42:29 Murder Holes
43:42 Gold Shaft Mining
43:42 Stone Shaft Mining
44:09 Fortified Wall
45:52 Hoardings
45:30 Masonry
46:28 Bracer
49:24 Siege Ram
Battousai_Mc
0:34 Loom
12:29 Feudal Age
12:35 Feudal Age
17:46 Castle Age
15:35 Town Watch
15:40 Double-Bit Axe
16:35 Gold Mining
23:58 Ballistics
24:42 Bow Saw
27:07 Gold Shaft Mining
40:00 Fortified Wall
Connection lost

Rejoining the realm…

Still unreachable

The connection could not be restored.

Session expired

The server has moved on; the page needs a fresh start.